 Dungeon Crawl Stone Soup version 0.28.0 (webtiles) character file.

Game seed: 11658227650402391068

439 zeram the Covered (level 7, -9/44 HPs)
             Began as a Gargoyle Fighter on Feb 14, 2022.
             Killed from afar by Dowan (10 damage)
             ... with a shard of ice
             ... on level 4 of the Dungeon.
             The game lasted 00:03:09 (3500 turns).

zeram the Covered (Gargoyle Fighter)                Turns: 3500, Time: 00:03:10

Health: -9/44      AC: 14    Str: 22    XL:     7   Next: 1%
Magic:  7/7        EV:  9    Int:  8    God:
Gold:   195        SH:  5    Dex:  9    Spells: 6/6 levels left

rFire   . . .      SeeInvis .   a - +1 flail
rCold   . . .      Faith    .   c - +1 buckler
rNeg    + . .      Spirit   .   b - +0 scale mail
rPois   ∞          Reflect  .   (no helmet)
rElec   +          Harm     .   d - +1 cloak {Will+}
rCorr   .          Rampage  .   (no gloves)
Will    +....                   (no boots)
Stlth   ..........              (no amulet)
HPRegen 0.14/turn               (no ring)
MPRegen 0.10/turn               (no ring)

@: on berserk cooldown, slowed, very slow
A: sickness immunity, AC +4, negative energy resistance 1, electricity
resistance, torment resistance 1, petrification resistance
a: no special abilities


You were on level 4 of the Dungeon.
You visited 1 branch of the dungeon, and saw 4 of its levels.

You collected 195 gold pieces.

Inventory:

Hand Weapons
 a - a +1 flail (weapon)
Armour
 b - a +0 scale mail (worn)
 c - a +1 buckler (worn)
 d - a +1 cloak of willpower (worn)
Scrolls
 f - a scroll of teleportation
 g - a scroll of holy word
 i - 2 scrolls of identify
Potions
 e - 3 potions of flight
 h - a potion of berserk rage
 j - a potion of heal wounds {unknown}


   Skills:
 + Level 4.4 Fighting
 + Level 4.9 Maces & Flails
 + Level 5.0 Armour
 + Level 1.2 Dodging
 + Level 4.1 Shields


You had 6 spell levels left.
You didn't know any spells.
Your spell library was empty.

Dungeon Overview and Level Annotations

Branches:
Dungeon (4/15)
 Temple: D:4-7

Altars:
Uskayaw
Wu Jian

Shops:
D:4 !

Annotations:
D:4 Dowan


Innate Abilities, Weirdness & Mutations

You are immune to sickness and miasma.
Your stone body is resilient. (AC +4)
You are immune to poison.
You resist negative energy. (rN+)
You are resistant to electric shocks. (rElec)
You are resistant to unholy torment.
You are immune to petrification.


Message History

Duvessa is moderately wounded.
Duvessa closely misses you. Dowan gestures at you while chanting.
The puff of frost misses you.
You sock Duvessa!
Duvessa is severely wounded.
Duvessa barely misses you.
You barely miss Duvessa.
Duvessa is severely wounded.
Duvessa hits you with a +0 short sword!
* * * LOW HITPOINT WARNING * * *
Dowan hits you but does no damage.
You hit Duvessa.
Duvessa is almost dead.
Duvessa barely misses you.
Dowan zaps a wand.
The puff of flame hits you.
* * * LOW HITPOINT WARNING * * *
Duvessa hits you but does no damage.
You bludgeon Duvessa!!
You kill Duvessa!
Dowan seems overcome with grief.
Dowan seems to find hidden reserves of power!
Dowan hits you but does no damage.
Your Armour skill increases to level 5!
You have reached level 7!
You closely miss Dowan. Dowan hits you with a +0 dagger.
* * * LOW HITPOINT WARNING * * *
You barely miss Dowan.
Dowan casts a spell.
Dowan blinks!
You feel a strong urge to attack something.
There is an open door here.
Dowan zaps a wand.
The puff of flame hits you!
* * * LOW HITPOINT WARNING * * *
You are too berserk!
You feel your anger nearly subside.
You are no longer berserk.
You are exhausted.
You feel yourself slow down. Dowan casts a spell at you.
The shard of ice hits you!
You die...

.# #..####⌠.⌠.#...#
.#
###.##.##....#.#.##
.#
#...8...#._..#.#..#
.# #.#.....#....#.#.#
.###.......#....#...#
..)..†.8...#._e.#.#.#
####.#.##.##.)......#
...#..####⌠.⌠.#..##
#####...#####.#@..#
#.............#
######....)...#
##########


You could see Dowan (fast, strong).

Vanquished Creatures
  Duvessa (D:4)
  A black bear (D:4)
  A scorpion (D:4)
  Crazy Yiuf (D:2)
  An orc wizard (D:3)
  6 adders
  An adder skeleton (D:4)
  2 worms
  4 dart slugs
  4 orcs (D:3)
  4 ball pythons
  9 endoplasms
  4 giant cockroaches
  3 goblins
  3 hobgoblins
  8 jackals
  3 quokkas
  5 bats
  2 frilled lizards (D:2)
  3 kobolds
  4 rats
70 creatures vanquished.

Notes
Turn   | Place    | Note
-------+----------+-------------------------------------------
     0 | D:1      | zeram the Gargoyle Fighter began the quest for the Orb.
     0 | D:1      | Reached XP level 1. HP: 14/14 MP: 1/1
   215 | D:1      | Found a faded altar of an unknown god.
   283 | D:1      | Reached XP level 2. HP: 19/19 MP: 2/2
  1024 | D:2      | Found a runed translucent door.
  1025 | D:2      | Noticed Crazy Yiuf
  1091 | D:2      | Reached XP level 3. HP: 23/24 MP: 3/3
  1361 | D:2      | Reached skill level 4 in Armour
  1665 | D:2      | Killed Crazy Yiuf
  1666 | D:2      | Reached XP level 4. HP: 20/29 MP: 0/4
  1975 | D:3      | Reached XP level 5. HP: 25/33 MP: 5/5
  2955 | D:4      | Found Afuoweff's Distillery.
  3167 | D:4      | Reached XP level 6. HP: 38/38 MP: 6/6
  3251 | D:4      | Noticed a black bear
  3256 | D:4      | Killed a black bear
  3257 | D:4      | Reached skill level 1 in Dodging
  3366 | D:4      | Found a hide-covered altar of Uskayaw.
  3366 | D:4      | Found an ornate altar of the Wu Jian Council.
  3483 | D:4      | Noticed Duvessa
  3483 | D:4      | Noticed Dowan
  3494 | D:4      | Killed Duvessa
  3495 | D:4      | Reached skill level 5 in Armour
  3495 | D:4      | Reached XP level 7. HP: 12/44 MP: 7/7
  3499 | D:4      | HP: 1/66 [Dowan/puff of flame (8)]
  3500 | D:4      | Killed from afar by Dowan

Illustrated notes

Levels and vault maps discovered:
D:1:      erik_arrival_triangle_medium, layout_basic,
          dreamdust_ecumenical_altar_statues, patterned_corridor
D:2:      layout_basic, serial_glass, glass_columns_a, glass_columns_a,
          uniq_crazy_yiuf_cottage
D:3:      layout_basic, grunt_decor_arrowhead
D:4:      layout_loops_ring, jmf_multi_god_temple, serial_shops,
          kennysheep_mini_moat, kennysheep_generic_room_4, uniq_duvessa

Skill      XL: |  1  2  3  4  5  6 |
---------------+-------------------+-----
Armour         | 4 5 |  5.0
Maces & Flails | 3 4 |  4.9
Fighting       | 4 |  4.4
Dodging        | 1 |  1.2
Shields        | 4 |  4.1

Action                   |  1- 3 |  4- 6 |  7- 9 || total
-------------------------+-------+-------+-------++-------
Melee: Flail             |    58 |   153 |     2 ||   213
  Use: Scroll            |     2 |     7 |       ||     9
       Potion            |     1 |     1 |       ||     2
Armor: Scale mail        |    34 |   106 |       ||   140
Dodge: Dodged            |    31 |    73 |       ||   104
Block: Buckler           |    11 |    42 |       ||    53
